 Dungeon Crawl Stone Soup version 0.20.1-1-g8b1a95d (webtiles) character file.

1388 Nattfarinn the Basher (level 8, -2/52 HPs)
             Began as a Gargoyle Berserker on Aug 3, 2017.
             Was a Priest of Trog.
             Slain by Menkaure (5 damage)
             ... on level 6 of the Dungeon.
             The game lasted 00:09:16 (4878 turns).

Nattfarinn the Basher (Gargoyle Berserker)          Turns: 4878, Time: 00:09:18

Health: -2/52      AC: 17    Str: 20    XL:     8   Next: 67%
Magic:  8/8        EV: 10    Int:  9    God:    Trog [***...]
Gold:   226        SH:  3    Dex: 11    Spells: 7/7 levels left

rFire    . . .     SeeInvis .   a - +0 mace
rCold    . . .     Gourm    .   (no shield)
rNeg     + . .     Faith    .   B - +0 scale mail
rPois    ∞         Spirit   .   u - +0 helmet
rElec    +         Reflect  +   k - +0 cloak
rCorr    .         Harm     .   (no gloves)
MR       ++...                  (no boots)
Stlth    ..........             q - +3 amulet of reflection
Regen    1.2/turn               s - +2 ring of protection
MPRegen  0.2/turn               (no ring)

@: berserk cooldown, regenerating
A: negative energy resistance 1, electricity resistance, unbreathing,
petrification resistance, rot immunity, AC +5
a: Berserk, Trog's Hand, Burn Spellbooks, Renounce Religion


You were on level 6 of the Dungeon.
You worshipped Trog.
Trog was most pleased with you.
You were very hungry.

You visited 1 branch of the dungeon, and saw 6 of its levels.

You collected 226 gold pieces.

Inventory:

Hand Weapons
 a - a +0 mace (weapon)
Armour
 b - a +0 animal skin
 k - a +0 cloak (worn)
 u - a +0 helmet (worn)
 B - a +0 scale mail (worn)
Jewellery
 q - a +3 amulet of reflection (around neck)
 s - a +2 ring of protection (left hand)
 D - an uncursed ring of protection from magic {unknown}
Scrolls
 d - 3 scrolls of immolation
 e - 4 scrolls of remove curse
 f - 2 scrolls of noise
 j - 2 scrolls of magic mapping {unknown}
 l - 2 scrolls of enchant armour {unknown}
 m - a scroll of fear
 o - a scroll of random uselessness {unknown}
 p - a scroll of fog {unknown}
 r - a scroll of holy word {unknown}
 w - 2 scrolls of amnesia {unknown}
 y - a scroll of teleportation {unknown}
 E - a scroll of blinking {unknown}
 F - a scroll of identify
Potions
 n - a potion of haste {unknown}
 t - 2 potions of cancellation
 x - a potion of resistance {unknown}
 z - a potion of degeneration {unknown}
Comestibles
 c - 4 bread rations
 h - 2 royal jellies
 i - 3 meat rations
 C - 3 fruits


   Skills:
 * Level 6.9 Fighting
 + Level 8.2 Maces & Flails
 * Level 5.1 Armour
 - Level 1.5 Dodging


You had 7 spell levels left.
You didn't know any spells.

Dungeon Overview and Level Annotations

Branches:
Dungeon (6/15)             Temple (0/1) D:5

Altars:
Ashenzari
Cheibriados
Dithmenos
Gozag
Kikubaaqudgha
Nemelex Xobeh
Sif Muna
Vehumet
Xom
Yredelemnul

Annotations:
D:6 Menkaure


Innate Abilities, Weirdness & Mutations

You are resistant to torment.
Your stone body is resilient. (AC +5)
You are immune to poison.
You resist negative energy. (rN+)
You are resistant to electric shocks. (rElec)
You can survive without breathing.
You are immune to petrification.
You are immune to rotting.


Message History

Unknown command.
Okay, then.
Drop what? 30/52 slots (_ for help) (? for menu, Esc to quit)
You drop a book of Minor Magic.
The adder bites you but does no damage.
You hit the adder but do no damage. Menkaure closely misses you.
The adder bites you but does no damage.
You closely miss the adder. You block the adder's attack. Menkaure hits you.
* * * LOW HITPOINT WARNING * * *
You closely miss the adder. The adder closely misses you.
Menkaure mumbles some strange words.
Menkaure seems to speed up.
You miss the adder. The adder bites you but does no damage. Menkaure hits you!
* * * LOW HITPOINT WARNING * * *
The adder bites you.
* * * LOW HITPOINT WARNING * * *
You sock the adder!
You kill the adder!
Trog accepts your kill. Menkaure hits you.
You die...

#...................
#...................
#......)....†)......
#............)......
##...........†)..###+
#..>..M..........#
######'####..##..#
#.....########..##...
#.......J...M@†.....c
#...........#........
#..##.############..#
#..##(## # #......+
####......#
..........########
...#..##..##.....#
...#####..##.....#


You could see Menkaure, a centaur and a jelly.

Vanquished Creatures
  Sigmund (D:4)
  The ghost of Toogi the Sneak, an amateur NaIE (D:3)
  A water moccasin (D:5)
  2 ogres
  A centaur (D:5)
  A bullfrog (D:6)
  4 crimson imps
  A hound (D:6)
  A bullfrog zombie (D:5)
  An orc priest (D:6)
  4 orc wizards
  A bullfrog skeleton (D:4)
  An iguana (D:5)
  3 worker ants
  A worker ant zombie (D:5)
  12 adders
  2 oozes
  4 leopard geckos
  13 orcs
  5 giant cockroaches
  8 goblins
  5 hobgoblins
  A quokka (D:2)
  7 bats
  8 frilled lizards
  A giant cockroach zombie (D:6)
  6 kobolds
  10 rats
106 creatures vanquished.

Notes
Turn   | Place    | Note
-------+----------+-------------------------------------------
     0 | D:1      | Nattfarinn the Gargoyle Berserker began the quest for the Orb.
     0 | D:1      | Reached XP level 1. HP: 14/14 MP: 1/1
    44 | D:1      | Reached XP level 2. HP: 9/19 MP: 2/2
   233 | D:1      | Found a snail-covered altar of Cheibriados.
   333 | D:1      | Reached XP level 3. HP: 16/24 MP: 3/3
   572 | D:2      | Reached ** piety under Trog
   712 | D:2      | Reached XP level 4. HP: 16/29 MP: 4/4
   927 | D:2      | Reached skill level 4 in Maces & Flails
   932 | D:2      | Found a faded altar of an unknown god.
  1045 | D:2      | Found a shadowy altar of Dithmenos.
  1117 | D:2      | Found an opulent altar of Gozag.
  1118 | D:2      | Found a sparkling altar of Nemelex Xobeh.
  1443 | D:3      | Noticed Toogi's ghost (amateur NaIE)
  1465 | D:3      | Killed Toogi's ghost
  1465 | D:3      | Reached skill level 5 in Maces & Flails
  1465 | D:3      | Reached XP level 5. HP: 27/34 MP: 5/5
  1465 | D:3      | Reached XP level 6. HP: 31/39 MP: 6/6
  1791 | D:3      | Reached skill level 5 in Fighting
  1933 | D:3      | Found a shimmering altar of Xom.
  2128 | D:3      | Reached XP level 7. HP: 21/44 MP: 7/7
  2166 | D:3      | Reached skill level 6 in Maces & Flails
  2622 | D:4      | Noticed Sigmund
  2628 | D:4      | Killed Sigmund
  3271 | D:4      | Found a basalt altar of Yredelemnul.
  3474 | D:5      | Entered Level 5 of the Dungeon
  3492 | D:5      | Reached skill level 7 in Maces & Flails
  3741 | D:5      | Reached XP level 8. HP: 23/51 MP: 8/8
  4100 | D:5      | Found a staircase to the Ecumenical Temple.
  4250 | D:5      | Reached skill level 5 in Armour
  4321 | D:5      | Found a radiant altar of Vehumet.
  4417 | D:5      | Found an ancient bone altar of Kikubaaqudgha.
  4418 | D:5      | Reached *** piety under Trog
  4419 | D:5      | Found a deep blue altar of Sif Muna.
  4430 | D:5      | Found a shattered altar of Ashenzari.
  4830 | D:6      | Reached skill level 8 in Maces & Flails
  4836 | D:6      | Noticed Menkaure
  4877 | D:6      | HP: 2/52 [adder (3)]
  4878 | D:6      | Slain by Menkaure

Skill      XL: |  1  2  3  4  5  6  7  8 |
---------------+-------------------------+-----
Fighting       | 4 5 6 |  6.9
Maces & Flails | 5 7 8 |  8.2
Armour         | 3 4 5 |  5.1
Dodging        | |  1.5

Action                   |  1- 3 |  4- 6 |  7- 9 || total
-------------------------+-------+-------+-------++-------
Melee: Mace              |    96 |   149 |   232 ||   477
Invok: Berserk           |       |     2 |     2 ||     4
       Trog's Hand       |       |     2 |     1 ||     3
       Burn Spellbooks   |       |       |     1 ||     1
  Use: Scroll            |       |       |     8 ||     8
       Potion            |       |       |     4 ||     4
 Stab: Sleeping          |       |     1 |       ||     1
  Eat: Chunk             |       |     5 |    10 ||    15
       Royal jelly       |       |       |     1 ||     1
Armor: Animal skin       |    37 |    67 |    65 ||   169
       Scale mail        |       |       |    73 ||    73
Dodge: Dodged            |    82 |    68 |   154 ||   304
Block: Other             |       |       |    25 ||    25
